 Dungeon Crawl Stone Soup version 0.29-a0-298-g3c90f9a769 (webtiles) character file.

Game seed: 11165638057774269587

19282 Dabor the Destroyer (level 12, 0/55 HPs)
             Began as a Deep Elf Conjurer on Mar 23, 2022.
             Was an Elder of Hepliaklqana.
             Slain by an orc knight
             ... wielding a +3 long sword of protection
              (17 damage)
             ... on level 2 of the Orcish Mines.
             The game lasted 00:54:51 (16818 turns).

Dabor the Destroyer (Deep Elf Conjurer)            Turns: 16818, Time: 00:54:52

Health: 0/55       AC: 10    Str:  6    XL:     12   Next: 35%
Magic:  11/29      EV: 15    Int: 29    God:    Hepliaklqana [****..]
Gold:   498        SH:  0    Dex: 13    Spells: 14/33 levels left

rFire   + + .      SeeInvis +   w - staff of fire
rCold   . . .      Faith    .   (no shield)
rNeg    + . .      Spirit   .   r - +2 leather armour {rN+}
rPois   +          Reflect  .   K - +1 helmet {SInv}
rElec   .          Harm     .   (no cloak)
rCorr   .          Rampage  .   j - +2 pair of gloves
Will    +....                   (no boots)
Stlth   +++.......              (no amulet)
HPRegen 0.18/turn               u - ring of poison resistance
MPRegen 0.21/turn               f - ring "Quvahubb" {Wiz rF+ Str+2 SInv}

@: no status effects
A: reduced essence
a: Renounce Religion, Recall Ancestor, Ancestor Identity, Transference, Idealise


You were on level 2 of the Orcish Mines.
You worshipped Hepliaklqana.
Hepliaklqana was greatly pleased with you.
You visited 2 branches of the dungeon, and saw 13 of its levels.
You visited 1 bazaar.
You also visited: Sewer.

You collected 784 gold pieces.
You spent 286 gold pieces at shops.

Inventory:

Hand Weapons
 o - a +2 dagger of pain
 D - a +4 morningstar
Missiles
 y - 2 throwing nets
Armour
 h - the +0 ring mail of the Morning {rElec Slay+3}
   (You found it on level 7 of the Dungeon)

   Slay:      It affects your accuracy & damage with ranged weapons and melee
   (+3).
   rElec:     It insulates you from electricity.
 j - a +2 pair of gloves (worn)
 r - a +2 leather armour of positive energy (worn)
 x - a +2 robe of willpower
 z - a +2 hat of stealth
 K - a +1 helmet of see invisible (worn)
Magical Staves
 w - a staff of fire (weapon)
Jewellery
 f - the ring "Quvahubb" (right hand) {Wiz rF+ Str+2 SInv}
   (You acquired it on level 4 of the Dungeon)

   [ring of wizardry]

   It improves your spell success rate.
   Str:       It affects your strength (+2).
   rF:        It protects you from fire.
   SInv:      It lets you see invisible.
 p - a ring of flight
 u - a ring of poison resistance (left hand)
 B - a ring of willpower
Wands
 q - a wand of paralysis (2)
 s - a wand of polymorph (12)
 F - a wand of digging (7)
 I - a wand of flame (8)
Scrolls
 a - a scroll of silence
 i - 6 scrolls of teleportation
 k - a scroll of enchant weapon
 m - 3 scrolls of blinking
 v - 2 scrolls of amnesia
 C - a scroll of magic mapping
 E - 2 scrolls of identify
Potions
 c - a potion of cancellation
 d - 2 potions of curing
 e - 2 potions of lignification
 g - 2 potions of might
 l - 3 potions of invisibility
 t - a potion of brilliance
 A - 5 potions of ambrosia
 H - a potion of mutation {unknown}
 J - 2 potions of haste {unknown}


   Skills:
 + Level 2.2 Fighting
 + Level 2.1 Armour
 + Level 10.4 Dodging
 + Level 5.1 Stealth
 + Level 11.3 Spellcasting
 * Level 13.5 Conjurations
 - Level 6.0 Hexes
 - Level 2.0 Summonings
 - Level 5.0 Fire Magic
 + Level 8.5 Invocations
 + Level 2.8 Evocations


You had 14 spell levels left.
You knew the following spells:

 Your Spells              Type           Power      Damage    Failure   Level
a - Magic Dart            Conj           100%       1d8       0%          1
b - Searing Ray           Conj           100%       2d8       1%          2
c - Summon Guardian Gole  Hex/Summ       39%        N/A       1%          3
d - Call Imp              Summ           28%        N/A       1%          2
e - Fulminant Prism       Conj/Hex       32%        3d16      1%          4
f - Flame Wave            Conj/Fire      81%        2d14      1%          4
g - Mephitic Cloud        Conj/Pois/Air  42%        N/A       1%          3

Your spell library contained the following spells:

 Spells                   Type           Power      Damage    Failure   Level
 Foxfire                  Conj/Fire      100%       2x1d9     1%          1
 Summon Small Mammal      Summ           100%       N/A       1%          1
 Conjure Flame            Conj/Fire      81%        6-21      1%          3
 Dazzling Flash           Conj/Hex       100%       N/A       1%          3
 Inner Flame              Hex/Fire       64%        N/A       1%          3
 Portal Projectile        Hex/Tloc       66%        N/A       1%          3
 Iskenderun's Mystic Bla  Conj/Tloc      54%        2d12      1%          4
 Call Canine Familiar     Summ           28%        N/A       2%          3
 Corpse Rot               Necr/Air       32%        N/A       3%          2
 Poisonous Vapours        Pois/Air       32%        N/A       3%          2
 Lightning Bolt           Conj/Air       27%        1d43      3%          5
 Blade Hands              Tmut           8%         N/A       45%         5
 Excruciating Wounds      Necr           8%         N/A       45%         5
 Dragon Form              Tmut           8%         N/A       100%        7
 Lehudib's Crystal Spear  Conj/Erth      27%        10d7      100%        8


Dungeon Overview and Level Annotations

Branches:
Dungeon (11/15)            Temple (0/1) D:6             Orc (2/2) D:9
    Elf (0/3) Orc:2         Sewer (visited)
   Lair: D:8-11

Altars:
Cheibriados
Gozag
Hepliaklqana
Makhleb
Okawaru
Ru
Trog
Uskayaw
Zin

Shops:
D:1 [   D:9 [   Orc:2 (:

Portals:
Trove: D:10 (give +8 demon blade)


Message History

The orc knight hits Ealdgyð with a +3 long sword of protection!
Ealdgyð is destroyed!
The searing ray hits the orc knight but does no damage.
The orc knight is severely wounded.
The searing ray hits the orc knight but does no damage.
The orc knight is severely wounded.
The orc knight barely misses you.
The searing ray hits the orc knight.
The orc knight is almost dead.
You finish channelling your searing ray.
The orc knight hits you with a +3 long sword of protection!
Casting: Searing Ray (safe; 1% risk of failure)
Confirm with . or Enter, or press ? or * to list all spells.
Aiming: Searing Ray (safe; 1% risk of failure)
Press: ? - help, Shift-Dir - straight line, f/p - orc knight
Aim: an orc knight, wielding a +3 long sword of protection and wearing a +0 chain mail (almost dead, 81% to hit)
The searing ray hits the orc knight but does no damage.
The orc knight is almost dead. (Press . to maintain the ray.)
The orc knight closely misses you.
The searing ray hits the orc knight but does no damage.
The orc knight is almost dead.
The orc knight misses you.
The searing ray hits the orc knight but does no damage.
The orc knight is almost dead.
The orc knight hits you with a +3 long sword of protection!
The searing ray hits the orc knight!
The orc knight is almost dead.
You finish channelling your searing ray.
The orc knight hits you with a +3 long sword of protection!
Casting: Searing Ray (safe; 1% risk of failure)
Confirm with . or Enter, or press ? or * to list all spells.
Aiming: Searing Ray (safe; 1% risk of failure)
Press: ? - help, Shift-Dir - straight line, f/p - orc knight
Aim: an orc knight, wielding a +3 long sword of protection and wearing a +0 chain mail (almost dead, 81% to hit)
The searing ray hits the orc knight but does no damage.
The orc knight is almost dead. (Press . to maintain the ray.)
The orc knight hits you with a +3 long sword of protection!
You die...

...#..## ##..##))...**
......#### #))##,,,...,**
......##.####.##,,,*#.#,∩*
......#...##.)#*,,*#..#..**
.........###.##,,,#....#,∩*
..........##.#*,,,.....#.,*
..........##.#*,,,......#,*
..........##)#####).....#,*
..........)....)@o)......,*
#.#.......##.#####......#,*
..........##.#*,,,......#,*
.........###.#*,,,)o...#.,*
......#.## #.#*,,,#....#,∩*
..#..#### #..**,,*#..#..**
..#### ##^**,,,*#.#,∩*
..#### *.,**,,,,..,**
..#..# *#.,**,,,,,**


You could see an orc knight.

Vanquished Creatures
  A two-headed ogre (D:8)
  An orc high priest (Orc:2)
  5 orc knights (Orc:2)
  5 orc sorcerers (Orc:2)
  An ugly thing (D:11)
  A kobold demonologist (D:10)
  A hornet (D:10)
  A troll (D:11)
  A shadow (D:10)
  6 yaks (D:9)
  2 steam dragons (D:7)
  A human (D:10)
  2 wargs (Orc:2)
  A water moccasin (D:6)
  12 orc warriors
  A sky beast (D:6)
  3 ogres
  3 centaurs
  A phantom (D:5)
  A bullfrog (D:8)
  A kobold brigand (D:10)
  A gnoll sergeant (D:8)
  A wyvern zombie (D:5)
  A necrophage (D:4)
  A water moccasin zombie (D:5)
  A water moccasin skeleton (D:5)
  6 wights
  9 killer bees
  4 howler monkeys
  5 jellies
  2 gnoll shamans
  14 orc priests
  3 hounds
  4 iguanas
  23 orc wizards
  A mummy (D:5)
  23 gnolls
  11 adders
  A river rat (Sewer)
  2 ufetubi
  6 worms
  11 dart slugs
  79 orcs
  5 bats
  9 endoplasms
  4 giant cockroaches (Sewer)
  11 goblins
  5 hobgoblins
  10 jackals (D:5)
  22 kobolds
  2 quokkas
  13 ball pythons
  13 frilled lizards
  8 rats
362 creatures vanquished.

Vanquished Creatures (collateral kills)
  An orc warlord (Orc:2)
  An orc high priest (Orc:2)
  2 orc sorcerers (Orc:2)
  The ghost of iamserjio the Cleaver, a novice TeGl of Okawaru (D:7)
  Joseph (D:9)
  A hornet (D:9)
  2 trolls
  3 yaks (D:9)
  A shadow (D:9)
  A human (D:10)
  2 steam dragons
  A warg (Orc:2)
  A sky beast (D:6)
  4 orc warriors
  A centaur (D:9)
  A kobold brigand (D:8)
  2 bullfrogs (D:7)
  2 wights (D:8)
  2 killer bees (D:10)
  2 howler monkeys
  3 orc priests
  A hound (D:5)
  9 orc wizards
  9 gnolls (D:5)
  A howler monkey skeleton (D:5)
  9 orcs
  A jackal (D:5)
  A kobold (D:8)
66 creatures vanquished.

Vanquished Creatures (others)
  5 knights (Orc:2)
  78 fulminant prisms
  3 fungi (D:4)
  18 plants
  3 withered plants (D:5)
107 creatures vanquished.

Grand Total: 535 creatures vanquished

Notes
Turn   | Place    | Note
-------+----------+-------------------------------------------
     0 | D:1      | Dabor the Deep Elf Conjurer began the quest for the Orb.
     0 | D:1      | Reached XP level 1. HP: 10/10 MP: 6/6
   208 | D:1      | Reached XP level 2. HP: 15/15 MP: 6/8
   660 | D:1      | Found Leqic's Armour Shop.
   987 | D:1      | Reached XP level 3. HP: 19/19 MP: 7/10
  1411 | D:1      | Found a faded altar of an unknown god.
  2063 | D:2      | Learned a level 2 spell: Searing Ray
  2068 | D:2      | Learned a level 3 spell: Summon Guardian Golem
  2135 | D:2      | Reached XP level 4. HP: 12/24 MP: 3/11
  2973 | D:3      | Reached skill level 5 in Conjurations
  2973 | D:3      | Reached skill level 1 in Summonings
  2975 | D:3      | Reached skill level 1 in Hexes
  2990 | D:3      | Reached XP level 5. HP: 20/28 MP: 10/13
  3144 | D:3      | You fall into a shaft and drop 1 floor!
  3144 | D:4      | Found a glowing silver altar of Zin.
  3144 | D:4      | Found a hide-covered altar of Uskayaw.
  3487 | D:3      | Reached XP level 6. HP: 17/32 MP: 4/14
  3770 | D:3      | Learned a level 2 spell: Call Imp
  4403 | D:4      | Reached skill level 6 in Conjurations
  4659 | D:4      | Reached skill level 5 in Spellcasting
  5154 | D:4      | Found a hazy altar of Hepliaklqana.
  5167 | D:4      | Became a worshipper of Hepliaklqana the Forgotten
  5323 | D:4      | Learned a level 4 spell: Fulminant Prism
  5399 | D:4      | Identified a scroll of acquirement
  5400 | D:4      | Acquired the ring "Quvahubb" {Wiz rF+ Str+2 SInv}
  5449 | D:5      | Entered Level 5 of the Dungeon
  5506 | D:5      | Reached XP level 7. HP: 36/36 MP: 1/16
  5561 | D:5      | Found a glowing drain.
  5587 | Sewer    | Entered a sewer
  5727 | Sewer    | Reached skill level 1 in Invocations
  6051 | Sewer    | Found a viscous altar of Jiyva.
  6207 | D:5      | Reached skill level 5 in Dodging
  6207 | D:5      | Reached skill level 7 in Conjurations
  6519 | D:5      | Reached XP level 8. HP: 41/41 MP: 10/18
  6808 | D:5      | Learned a level 4 spell: Flame Wave
  6950 | D:5      | Reached * piety under Hepliaklqana
  7295 | D:5      | Reached skill level 1 in Fire Magic
  7501 | D:5      | Reached skill level 8 in Conjurations
  7581 | D:5      | Reached skill level 5 in Hexes
  8381 | D:5      | Found a snail-covered altar of Cheibriados.
  8806 | D:6      | Found an opulent altar of Gozag.
  8816 | D:6      | Reached XP level 9. HP: 40/40 MP: 15/21
  8928 | D:6      | Found a staircase to the Ecumenical Temple.
  9330 | D:6      | Reached ** piety under Hepliaklqana
  9331 | D:6      | Remembered your ancestor Ealdgyð as a knight
  9515 | D:7      | Reached skill level 9 in Conjurations
  9611 | D:7      | Found a bloodstained altar of Trog.
  9774 | D:7      | Found a transporter.
  9792 | D:7      | Found a burning altar of Makhleb.
 10225 | D:7      | Noticed iamserjio's ghost (novice TeGl)
 10305 | D:7      | Found a transporter.
 10492 | D:7      | Killed iamserjio's ghost
 10502 | D:7      | Identified the +0 ring mail of the Morning {rElec Slay+3}
 10622 | D:8      | Reached skill level 5 in Invocations
 10688 | D:8      | Noticed a two-headed ogre
 10694 | D:8      | Killed a two-headed ogre
 10695 | D:8      | Reached skill level 10 in Conjurations
 10695 | D:8      | Reached XP level 10. HP: 45/45 MP: 6/24
 11352 | D:8      | Reached *** piety under Hepliaklqana
 11730 | D:9      | Reached skill level 5 in Fire Magic
 11885 | D:9      | Found a staircase to the Orcish Mines.
 12298 | D:9      | Found Juorriru's Armour Shoppe.
 12320 | D:9      | Noticed Joseph
 12331 | D:9      | Killed Joseph
 12521 | D:9      | Reached skill level 11 in Conjurations
 13253 | D:9      | Found a sacrificial altar of Ru.
 13437 | D:10     | Entered Level 10 of the Dungeon
 13444 | D:10     | Reached XP level 11. HP: 48/48 MP: 18/26
 13664 | D:10     | Learned a level 3 spell: Mephitic Cloud
 13814 | D:10     | Found a portal to a secret trove of treasure.
 13905 | D:10     | Reached skill level 12 in Conjurations
 13913 | D:10     | Reached skill level 10 in Spellcasting
 14041 | D:10     | Found an iron altar of Okawaru.
 14327 | D:11     | Got the Grimoire of Hurtful Transformation
 14335 | D:11     | Reached **** piety under Hepliaklqana
 14335 | D:11     | Noticed a green ugly thing
 14337 | D:11     | Noticed a boulder beetle
 14343 | D:11     | Killed a green ugly thing
 14470 | Orc:1    | Entered Level 1 of the Orcish Mines
 14470 | Orc:1    | Noticed an orc knight
 14470 | Orc:1    | You fall into a shaft and drop 1 floor!
 14470 | Orc:2    | Entered Level 2 of the Orcish Mines
 14480 | Orc:2    | Found a staircase to the Elven Halls.
 14487 | Orc:2    | Found a flickering gateway to a bazaar.
 14487 | Orc:2    | Noticed an orc sorcerer
 14492 | Orc:2    | Noticed an orc warlord
 14494 | Orc:2    | Killed an orc sorcerer
 14498 | Orc:2    | Noticed an orc sorcerer
 14506 | Orc:2    | Killed an orc sorcerer
 14529 | Orc:2    | Killed an orc warlord
 14533 | Orc:2    | Noticed an orc knight
 14548 | Orc:2    | Noticed an orc sorcerer
 14574 | Orc:2    | Noticed an orc knight
 14614 | Bazaar   | Entered a bazaar
 14737 | Bazaar   | Found Egevirch's Distillery.
 14747 | Bazaar   | Found Miymaub's Weapon Shop.
 14776 | Bazaar   | Found Tuzeos Osij's Armour Emporium.
 14784 | Bazaar   | Found Lanamuiv's Antique Weapon Shoppe.
 14816 | Bazaar   | Bought a potion of heal wounds for 65 gold pieces
 14816 | Bazaar   | Bought a potion of ambrosia for 104 gold pieces
 14816 | Bazaar   | Bought 2 potions of curing for 78 gold pieces
 14816 | Bazaar   | Bought a potion of curing for 39 gold pieces
 14862 | Orc:2    | Killed an orc knight
 14973 | Orc:2    | Noticed a sun demon
 14978 | Orc:2    | Noticed a sun demon
 14979 | Orc:2    | Killed an orc sorcerer
 14980 | Orc:2    | Reached skill level 13 in Conjurations
 14980 | Orc:2    | Reached skill level 1 in Evocations
 14982 | Orc:2    | Killed an orc knight
 14983 | Orc:2    | Reached skill level 1 in Armour
 14983 | Orc:2    | Reached skill level 10 in Dodging
 15090 | Orc:2    | Reached skill level 1 in Fighting
 15742 | Orc:2    | Noticed an orc high priest
 15744 | Orc:2    | Noticed an orc high priest
 15745 | Orc:2    | Noticed a sun demon
 15749 | Orc:2    | Killed an orc high priest
 15750 | Orc:2    | Reached XP level 12. HP: 28/54 MP: 13/29
 15751 | Orc:2    | Killed an orc high priest
 16470 | Orc:2    | Noticed an orc high priest
 16489 | Orc:2    | Reached skill level 5 in Stealth
 16802 | Orc:2    | Found Feok's Book Boutique.
 16802 | Orc:2    | Found Tejet's Weapon Boutique.
 16818 | Orc:2    | Slain by an orc knight

Illustrated notes

Levels and vault maps discovered:
D:1:      lemuel_arrival_tunnels, layout_basic,
          hellmonk_ecumenical_altar_run_dry, serial_shops, nicolae_shop_trees,
          serial_forest, infiniplex_forest_3_way, infiniplex_forest_clump_C,
          infiniplex_forest_side_room, infiniplex_forest_clump_long
D:2:      layout_loops_ring, serial_glass, glass_columns_c, glass_columns_b,
          minmay_surrounded
D:3:      layout_basic, kennysheep_another_room, minmay_lizard_king
D:4:      kennysheep_slugbush, layout_rooms, lemuel_crystal_altar,
          mainiacjoe_overflow_chevrons, mainiacjoe_overflow_brackets,
          kennysheep_pointless_box
D:5:      lemuel_castle_with_subvaults [lemuel_castle_interior_carwin_3],
          layout_basic, slow_altar_1, gup_sewer_entry_glass, serial_undead,
          serial_undead_c, serial_undead_f, serial_undead_c, serial_undead_c
D:6:      layout_basic, nicolae_gozag_seed_capital,
          minmay_temple_entry_overgrown, minmay_misc_feat_doors
D:7:      layout_basic, kennysheep_little_box, nicolae_overflow_crystal_walls,
          gammafunk_ghost_arena
D:8:      layout_basic
D:9:      cheibrodos_iron_armory, layout_basic, nicolae_ru_awakened_eye,
          hiddenorc1_lemuel, serial_shops, shop_fountains, uniq_joseph
D:10:     layout_basic, okawaru_humans, enter_trove_2
D:11:     layout_roguey, dpeg_oklobed_lair
Orc:1:    layout_caves, uniq_maurice
Orc:2:    st_orc_elflike, layout_diamond_mine, serial_shops, bzr_entry_dummy

Skill      XL: |  1  2  3  4  5  6  7  8  9 10 11 12 |
---------------+-------------------------------------+-----
Stealth        | 3 4 5 |  5.1
Dodging        | 3 4 5 6 7 8 10 | 10.4
Spellcasting   | 4 5 6 8 9 11 | 11.3
Conjurations   | 5 6 7 8 10 11 13 | 13.5
Summonings     | 1 2 |  2.0
Hexes          | 1 2 3 4 5 6 |  6.0
Invocations    | 2 3 5 6 8 |  8.5
Fire Magic     | 2 4 5 |  5.0
Evocations     | 1 2 |  2.8
Armour         | 1 2 |  2.1
Fighting       | 1 2 |  2.2

Action                   |  1- 3 |  4- 6 |  7- 9 | 10-12 || total
-------------------------+-------+-------+-------+-------++-------
Melee: Unarmed           |   118 |       |       |       ||   118
       Punch             |     2 |       |       |       ||     2
       Dagger            |       |     6 |       |       ||     6
       Staff             |       |       |     1 |     1 ||     2
 Cast: Magic Dart        |    90 |   150 |   267 |   171 ||   678
       Searing Ray       |     1 |    14 |    36 |    42 ||    93
       Call Imp          |       |     2 |       |     2 ||     4
       Summon Guardian G |       |     2 |       |     1 ||     3
       Fulminant Prism   |       |       |    13 |    65 ||    78
       Mephitic Cloud    |       |       |       |     4 ||     4
Invok: Ancestor Life: Kn |       |       |     1 |       ||     1
       Recall Ancestor   |       |       |       |     2 ||     2
Evoke: Wand              |       |       |       |    22 ||    22
  Use: Potion            |       |     2 |     3 |    12 ||    17
       Scroll            |       |    11 |     4 |     6 ||    21
Armor: Robe              |     4 |    12 |       |       ||    16
       Leather armour    |       |     9 |    29 |     4 ||    42
Dodge: Dodged            |     8 |    28 |    46 |    41 ||   123

Table legend: (Time is in decaauts)
 A = Elapsed time spent in this place.
 B = Non-inter-level travel time spent in this place.
 C = Inter-level travel time spent in this place.
 D = Time resting spent in this place.
 E = Time spent auto-exploring this place.
 F = Levels seen in this place.
 G = Mean time per level.
                   A        B        C        D        E       F      G
               +--------+--------+--------+--------+--------+-----+--------+
         Total |  16864 |  16233 |    631 |   2583 |  10537 |  15 | 1124.3 |
       Dungeon |  13902 |  13271 |    631 |   1780 |   9226 |  11 | 1263.8 |
  Orcish Mines |   2138 |   2138 |      0 |    684 |    771 |   2 | 1069.0 |
        Bazaar |    209 |    209 |      0 |      0 |    173 |   1 |  209.0 |
         Sewer |    613 |    613 |      0 |    119 |    366 |   1 |  613.0 |
               +--------+--------+--------+--------+--------+-----+--------+

Top non-repeatable levels by time:
     D:5: 2546 daAuts
   Orc:2: 2138 daAuts
     D:9: 1711 daAuts
     D:1: 1711 daAuts
     D:3: 1546 daAuts
     D:4: 1247 daAuts
     D:8: 1204 daAuts
     D:7: 1167 daAuts
     D:2: 949 daAuts
     D:6: 880 daAuts
    D:10: 861 daAuts
   Sewer: 613 daAuts
  Bazaar: 209 daAuts
    D:11: 76 daAuts
